NYP
TRI-CITY VALLEYCATS @ VERMONT LAKE MONSTERS
09/12/2044
 
TOP OF THE 1ST
Tri-City ValleyCats batting - Pitching for Vermont Lake Monsters : RHP Jarne de Ruiter
Pitching: RHP Jarne de Ruiter
Batting: LHB Jon Pope 0-0: Ball
1-0: Ground out 4-3 (Groundball, 4M, EV 98.1 MPH)
Batting: SHB Paskar Adegoke 0-0: Ball
1-0: Ball
2-0: Called Strike
2-1: Ball
3-1: Called Strike
3-2: Foul Ball, location: 2F
3-2: Ground out 4-3 (Groundball, 4, EV 101.9 MPH)
Batting: RHB Raul Sanchez 0-0: Ground out 6-3 (Groundball, 6, EV 101.9 MPH)
Top of the 1st over - 0 runs, 0 hits, 0 errors, 0 left on base; Tri-City 0 - Vermont 0
BOTTOM OF THE 1ST
Vermont Lake Monsters batting - Pitching for Tri-City ValleyCats : RHP Adam Behrens
Pitching: RHP Adam Behrens
Batting: RHB Lu Tieh 0-0: Swinging Strike
0-1: Ball
1-1: Foul Ball, location: 2F
1-2: Ball
2-2: Strikes out looking
Batting: RHB Ricardo Mariscal 0-0: Called Strike
0-1: Ball
1-1: Ball
2-1: Fly out, F8 (Flyball, 8LXD, EV 88.1 MPH)
Batting: LHB Henry Hutson 0-0: Ball
1-0: Foul Ball, location: 2F
1-1: Called Strike
1-2: Ball
2-2: Foul Ball, location: 2F
2-2: Ball
3-2: Fly out, F7 (Line Drive, 7D, EV 96.9 MPH)
Bottom of the 1st over - 0 runs, 0 hits, 0 errors, 0 left on base; Tri-City 0 - Vermont 0
TOP OF THE 2ND
Tri-City ValleyCats batting - Pitching for Vermont Lake Monsters : RHP Jarne de Ruiter
Batting: RHB Jordan Williams 0-0: Ball
1-0: Ball
2-0: SINGLE (Groundball, 34, EV 99.4 MPH)
Batting: LHB Vinny Siebecker 0-0: Swinging Strike
0-1: Called Strike
0-2: Strikes out swinging
Batting: RHB Ramon Castellon 0-0: Called Strike
0-1: Ball
1-1: Swinging Strike
1-2: Foul Ball, location: 2F
1-2: SINGLE (Groundball, 34D, EV 102.5 MPH)
Jordan Williams to second
Runner from 2nd tries for 3rd, SAFE, throw by RF made to third
Batting: RHB Evan Fry 0-0: Called Strike
0-1: Called Strike
0-2: Ball
1-2: Ball
2-2: Strikes out swinging
Batting: LHB Kyle Moore 0-0: Ball
1-0: Fly out, F6 (Line Drive, 6, EV 70.6 MPH)
Top of the 2nd over - 0 runs, 2 hits, 0 errors, 2 left on base; Tri-City 0 - Vermont 0
BOTTOM OF THE 2ND
Vermont Lake Monsters batting - Pitching for Tri-City ValleyCats : RHP Adam Behrens
Batting: RHB Luis Restrepo 0-0: Ball
1-0: Foul Ball, location: 2F
1-1: SOLO HOME RUN (Flyball, 9D, EV 99.4 MPH), Distance : 369 ft
Batting: LHB Mario Cardona 0-0: Ball
1-0: Called Strike
1-1: Foul Ball, location: 2F
1-2: Foul Ball, location: 2F
1-2: Foul Ball, location: 2F
1-2: Foul Ball, location: 2F
1-2: Foul Ball, location: 2F
1-2: Foul Ball, location: 2F
1-2: Strikes out swinging
Batting: RHB Carlos Martinez 0-0: Fly out, F8 (Flyball, 8LM, EV 71.9 MPH)
Batting: LHB Jose Zamarripa 0-0: Swinging Strike
0-1: Foul Ball, location: 2F
0-2: Ball
1-2: Fly out, F9 (Flyball, 9S, EV 90.6 MPH)
Bottom of the 2nd over - 1 run, 1 hit, 0 errors, 0 left on base; Tri-City 0 - Vermont 1
TOP OF THE 3RD
Tri-City ValleyCats batting - Pitching for Vermont Lake Monsters : RHP Jarne de Ruiter
Batting: RHB Rob Baker 0-0: Ground out 4-3 (Groundball, 4M, EV 88.1 MPH)
Batting: LHB Jon Pope 0-0: Ball
1-0: Fly out, F7 (Flyball, 7D, EV 88.1 MPH)
Batting: SHB Paskar Adegoke 0-0: Ball
1-0: Ball
2-0: Ball
3-0: Called Strike
3-1: Fly out, F7 (Flyball, 7LS, EV 87.5 MPH)
Top of the 3rd over - 0 runs, 0 hits, 0 errors, 0 left on base; Tri-City 0 - Vermont 1
BOTTOM OF THE 3RD
Vermont Lake Monsters batting - Pitching for Tri-City ValleyCats : RHP Adam Behrens
Batting: RHB Ricardo Claros 0-0: Called Strike
0-1: Called Strike
0-2: Ground out U3 (Groundball, 3, EV 88.1 MPH)
Pitching: RHP Jon Davis
Batting: RHB Oscar Avila 0-0: Called Strike
0-1: Swinging Strike
0-2: Ball
1-2: Foul Ball, location: 2F
1-2: Ground out 6-3 (Groundball, 6S, EV 76.9 MPH)
Batting: RHB Lu Tieh 0-0: Ball
1-0: Ball
2-0: Ball
3-0: Called Strike
3-1: Ground out 5-3 (Groundball, 5S, EV 66.9 MPH)
Bottom of the 3rd over - 0 runs, 0 hits, 0 errors, 0 left on base; Tri-City 0 - Vermont 1
TOP OF THE 4TH
Tri-City ValleyCats batting - Pitching for Vermont Lake Monsters : RHP Jarne de Ruiter
Batting: RHB Raul Sanchez 0-0: Foul Ball, location: 2F
0-1: Ball
1-1: Foul Ball, location: 2F
1-2: Foul Ball, location: 2F
1-2: Foul Ball, location: 2F
1-2: Ball
2-2: Ground out 6-3 (Groundball, 6, EV 83.8 MPH)
Batting: RHB Jordan Williams 0-0: Swinging Strike
0-1: Ball
1-1: Ground out U3 (Groundball, 34S, EV 73.1 MPH)
Batting: LHB Vinny Siebecker 0-0: Called Strike
0-1: DOUBLE (Flyball, 8RXD, EV 95.0 MPH)
Batting: RHB Ramon Castellon 0-0: Foul Ball, location: 2F
0-1: Ball
1-1: SINGLE (Line Drive, 56, EV 106.2 MPH)
Vinny Siebecker to third
Batting: RHB Evan Fry 0-0: Foul Ball, location: 2F
0-1: Foul Ball, location: 2F
0-2: Ball
1-2: Strikes out swinging
Top of the 4th over - 0 runs, 2 hits, 0 errors, 2 left on base; Tri-City 0 - Vermont 1
BOTTOM OF THE 4TH
Vermont Lake Monsters batting - Pitching for Tri-City ValleyCats : RHP Jon Davis
Batting: RHB Ricardo Mariscal 0-0: Ball
1-0: Ball
2-0: Ball
3-0: Base on Balls
Batting: LHB Henry Hutson 0-0: Ball
Ricardo Mariscal steals 2nd base
1-0: Called Strike
1-1: Foul Ball, location: 2F
1-2: 2-RUN HOME RUN (Line Drive, 89XD, EV 103.8 MPH), Distance : 421 ft
Pitching: RHP Justin Coney
Batting: RHB Luis Restrepo 0-0: Swinging Strike
0-1: Fly out, F9 (Flyball, 9, EV 91.2 MPH)
Batting: LHB Mario Cardona 0-0: Ball
1-0: Ball
2-0: Ball
3-0: Base on Balls
Batting: RHB Carlos Martinez 0-0: Ball
1-0: Foul Ball, location: 2F
1-1: Foul Ball, location: 2F
1-2: SINGLE (Groundball, 4MD, EV 101.2 MPH) (infield hit)
Mario Cardona to second
Batting: LHB Jose Zamarripa 0-0: Called Strike
0-1: Called Strike
0-2: Ball
1-2: Grounds into double play, 4-6-3 (Groundball, 4M, EV 83.8 MPH)
Bottom of the 4th over - 2 runs, 2 hits, 0 errors, 1 left on base; Tri-City 0 - Vermont 3
TOP OF THE 5TH
Tri-City ValleyCats batting - Pitching for Vermont Lake Monsters : RHP Jarne de Ruiter
Batting: LHB Kyle Moore 0-0: Ground out 4-3 (Groundball, 4, EV 107.5 MPH)
Batting: RHB Rob Baker 0-0: Ground out 6-3 (Groundball, 6M, EV 98.8 MPH)
Batting: LHB Jon Pope 0-0: Called Strike
0-1: Ball
1-1: Ground out 4-3 (Groundball, 4, EV 87.5 MPH)
Top of the 5th over - 0 runs, 0 hits, 0 errors, 0 left on base; Tri-City 0 - Vermont 3
BOTTOM OF THE 5TH
Vermont Lake Monsters batting - Pitching for Tri-City ValleyCats : RHP Justin Coney
Batting: RHB Ricardo Claros 0-0: Ball
1-0: Foul Ball, location: 2F
1-1: Ball
2-1: Called Strike
2-2: SINGLE (Groundball, 4MD, EV 95.0 MPH)
Batting: RHB Oscar Avila 0-0: Ball
1-0: Called Strike
1-1: Ball
2-1: Swinging Strike
2-2: Strikes out swinging
Batting: RHB Lu Tieh 0-0: Foul Ball, location: 2F
0-1: Ball
1-1: Ball
2-1: Ball
3-1: Base on Balls
Ricardo Claros to second
Batting: RHB Ricardo Mariscal 0-0: Ball
1-0: Ball
2-0: Foul Ball, location: 2F
2-1: Fielders Choice at 2nd, 5-4 (Groundball, 5S, EV 83.1 MPH)
Ricardo Claros to third
Batting: LHB Henry Hutson 0-0: Called Strike
0-1: Ball
1-1: Ball
2-1: Foul Ball, location: 2F
2-2: Ball
Ricardo Mariscal steals 2nd base
3-2: Base on Balls
Batting: RHB Luis Restrepo 0-0: Swinging Strike
0-1: Foul Ball, location: 2F
0-2: Strikes out swinging
Bottom of the 5th over - 0 runs, 1 hit, 0 errors, 3 left on base; Tri-City 0 - Vermont 3
TOP OF THE 6TH
Tri-City ValleyCats batting - Pitching for Vermont Lake Monsters : RHP Jarne de Ruiter
Batting: SHB Paskar Adegoke 0-0: Called Strike
0-1: Foul Ball, location: 2F
0-2: Ball
1-2: Strikes out swinging
Batting: RHB Raul Sanchez 0-0: Ball
1-0: Ground out 5-3 (Groundball, 56, EV 93.8 MPH)
Batting: RHB Jordan Williams 0-0: Called Strike
0-1: Foul Ball, location: 2F
0-2: Strikes out swinging
Top of the 6th over - 0 runs, 0 hits, 0 errors, 0 left on base; Tri-City 0 - Vermont 3
BOTTOM OF THE 6TH
Vermont Lake Monsters batting - Pitching for Tri-City ValleyCats : RHP Justin Coney
Batting: LHB Mario Cardona 0-0: Ground out U3 (Groundball, 34, EV 86.9 MPH)
Batting: RHB Carlos Martinez 0-0: Ball
1-0: Foul Ball, location: 2F
1-1: Ball
2-1: Ball
3-1: Called Strike
3-2: Base on Balls
Batting: LHB Jose Zamarripa 0-0: Called Strike
Carlos Martinez steals 2nd base (no throw)
0-1: Foul Ball, location: 2F
0-2: Strikes out looking
Batting: RHB Ricardo Claros 0-0: Called Strike
0-1: Ground out 5-3 (Groundball, 56, EV 79.4 MPH)
Bottom of the 6th over - 0 runs, 0 hits, 0 errors, 1 left on base; Tri-City 0 - Vermont 3
TOP OF THE 7TH
Tri-City ValleyCats batting - Pitching for Vermont Lake Monsters : RHP Jarne de Ruiter
Batting: LHB Vinny Siebecker 0-0: Foul Ball, location: 2F
0-1: Ball
1-1: Called Strike
1-2: Ground out 4-3 (Groundball, 4, EV 100.6 MPH)
Batting: RHB Ramon Castellon 0-0: Called Strike
0-1: Ball
1-1: Ball
2-1: Fly out, F7 (Flyball, 7LM, EV 92.5 MPH)
Batting: RHB Evan Fry 0-0: Foul Ball, location: 2F
0-1: Foul Ball, location: 2F
0-2: Ball
1-2: Strikes out swinging
Top of the 7th over - 0 runs, 0 hits, 0 errors, 0 left on base; Tri-City 0 - Vermont 3
BOTTOM OF THE 7TH
Vermont Lake Monsters batting - Pitching for Tri-City ValleyCats : RHP Justin Coney
Batting: RHB Oscar Avila 0-0: Ball
1-0: Ball
2-0: Foul Ball, location: 2F
2-1: SINGLE (Line Drive, 7S, EV 101.2 MPH)
Batting: RHB Lu Tieh 0-0: Bunt missed!
0-1: Sac Bunt to P - play at first, batter OUT! 1-4
Oscar Avila to second
Batting: RHB Ricardo Mariscal 0-0: Ball
1-0: Ball
2-0: Swinging Strike
2-1: Swinging Strike
2-2: Ball
3-2: Foul Ball, location: 2F
3-2: SINGLE (Line Drive, 56D, EV 98.8 MPH)
Oscar Avila to third
Pitching: RHP Chad Curry
Batting: LHB Henry Hutson 0-0: Ball
1-0: Called Strike
1-1: Ball
2-1: Ball
3-1: Fly out, F2 (Popup, 25F, EV 93.8 MPH)
Batting: RHB Luis Restrepo 0-0: Called Strike
0-1: Ball
1-1: Ball
2-1: Ball
3-1: Foul Ball, location: 2F
3-2: Fly out, F8 (Flyball, 8RS, EV 83.8 MPH)
Bottom of the 7th over - 0 runs, 2 hits, 0 errors, 2 left on base; Tri-City 0 - Vermont 3
TOP OF THE 8TH
Tri-City ValleyCats batting - Pitching for Vermont Lake Monsters : RHP Jarne de Ruiter
Now at C: Liangde Tseng
Now at 3B: Yasuzo Rin
Now in LF: Carlos Martinez
Now in RF: Youp van Erp
Batting: LHB Kyle Moore 0-0: Called Strike
0-1: Ball
1-1: Ball
2-1: Ground out 4-3 (Groundball, 13, EV 86.9 MPH)
Pinch Hitting: RHB Justin Olmstead 0-0: Called Strike
0-1: Ball
1-1: Ball
2-1: Ground out 6-3 (Groundball, 6, EV 82.5 MPH)
Batting: LHB Jon Pope 0-0: Ball
1-0: Ball
2-0: Swinging Strike
2-1: Foul Ball, location: 2F
2-2: Ball
3-2: Ground out U3 (Groundball, 34S, EV 84.4 MPH)
Top of the 8th over - 0 runs, 0 hits, 0 errors, 0 left on base; Tri-City 0 - Vermont 3
BOTTOM OF THE 8TH
Vermont Lake Monsters batting - Pitching for Tri-City ValleyCats : RHP Chad Curry
Now at 2B: Justin Olmstead
Batting: LHB Mario Cardona 0-0: Ball
1-0: Swinging Strike
1-1: Fly out, F7 (Line Drive, 7D, EV 94.4 MPH)
Batting: RHB Carlos Martinez 0-0: Ball
1-0: Called Strike
1-1: SINGLE (Line Drive, 78M, EV 94.4 MPH)
Batting: LHB Jose Zamarripa 0-0: Ball
Carlos Martinez steals 2nd base
1-0: Called Strike
1-1: Foul Ball, location: 2F
1-2: Ball
2-2: DOUBLE (Groundball, 5L, EV 95.6 MPH)
Carlos Martinez scores
Batting: LHB Youp van Erp 0-0: Called Strike
0-1: Ball
1-1: Swinging Strike
1-2: Ball
2-2: Ball
Passed Ball!
Jose Zamarripa to third
3-2: Ground out 6-3 (Groundball, 6, EV 95.6 MPH)
Jose Zamarripa scores
Batting: RHB Yasuzo Rin 0-0: Called Strike
0-1: Ball
1-1: Ball
2-1: Ball
3-1: Ground out 4-3 (Groundball, 4, EV 103.1 MPH)
Bottom of the 8th over - 2 runs, 2 hits, 0 errors, 0 left on base; Tri-City 0 - Vermont 5
TOP OF THE 9TH
Tri-City ValleyCats batting - Pitching for Vermont Lake Monsters : RHP Jarne de Ruiter
Batting: SHB Paskar Adegoke 0-0: Foul Ball, location: 2F
0-1: Foul Ball, location: 2F
0-2: Ball
1-2: Fly out, F6 (Flyball, 56D, EV 91.2 MPH)
Batting: RHB Raul Sanchez 0-0: Ball
1-0: Ball
2-0: Foul Ball, location: 2F
2-1: Ground out 5-3 (Groundball, 56, EV 85.0 MPH)
Batting: RHB Jordan Williams 0-0: Ball
1-0: Ball
2-0: Called Strike
2-1: Ground out 6-3 (Groundball, 6, EV 88.8 MPH)
Top of the 9th over - 0 runs, 0 hits, 0 errors, 0 left on base; Tri-City 0 - Vermont 5
Thursday, March 31st , 2022 - OOTP Baseball 22.12 Build 89